 Dungeon Crawl Stone Soup version 0.17.0-28-g6e173f8 (webtiles) character file.

1157 dohliylev the Covert (level 8, 0/39 HPs)
             Began as a Spriggan Assassin on Nov 25, 2015.
             Succumbed to a killer bee's poison
             ... on level 7 of the Dungeon.
             The game lasted 00:25:16 (4028 turns).

dohliylev the Covert (Spriggan Assassin)            Turns: 4028, Time: 00:25:16

Health: 0/39       AC:  3    Str: 12    XL:     8   Next: 16%
Magic:  9/9        EV: 22    Int: 18    God:
Gold:   217        SH:  0    Dex: 19    Spells: 0 memorised, 7 levels left

rFire  . . .     SeeInvis +     m - +1 dagger (speed)
rCold  . . .     Clarity  .     c - +0 robe
rNeg   . . .     SustAt   .     (shield restricted)
rPois  .         Gourm    .     (helmet restricted)
rElec  .         Spirit   .     k - +0 cloak
rCorr  .         Warding  .     (gloves unavailable)
rMut   .         Stasis   .     (boots unavailable)
MR     +....                    d - amulet of regeneration
Stlth  ++++++....               (no ring)
                                v - +2 ring of evasion

@: mighty, brilliant, lethally poisoned (0 -> -7), flying, very quick, somewhat
resistant to hostile enchantments, very stealthy
A: unfitting armour, see invisible, herbivore 3, speed 3, slow metabolism 2
a: no special abilities


You were on level 7 of the Dungeon.
You were hungry.

You visited 1 branch of the dungeon, and saw 7 of its levels.

You collected 217 gold pieces.

Inventory:

Hand Weapons
 b - a +0 blowgun
 m - a +1 dagger of speed (weapon)
 D - a +2 dagger of protection
Missiles
 e - 36 poisoned needles
 f - 2 curare-tipped needles
 A - 2 throwing nets (quivered)
Armour
 c - a +0 robe (worn)
 k - a +0 cloak (worn)
Jewellery
 d - an amulet of regeneration (around neck)
 v - a +2 ring of evasion (left hand)
Wands
 B - a wand of lightning (7)
Scrolls
 j - 2 scrolls of remove curse
 l - a scroll of enchant weapon {unknown}
 r - 3 scrolls of magic mapping
 s - 2 scrolls of immolation {unknown}
 t - 3 scrolls of identify {unknown}
 u - a scroll of recharging {unknown}
 x - a scroll of random uselessness {unknown}
 y - a scroll of noise {unknown}
Potions
 n - 6 potions of curing {unknown}
 o - a potion of heal wounds {unknown}
 p - a potion of invisibility {unknown}
 q - 2 potions of degeneration {unknown}
 w - a potion of cure mutation {unknown}
 C - a potion of might
Comestibles
 g - 4 bread rations
 h - 8 fruits
 z - a slice of pizza


   Skills:
 + Level 2.0 Fighting
 + Level 3.2 Short Blades
 + Level 4.2 Throwing
 + Level 4.4 Dodging
 * Level 13.1 Stealth


You had 7 spell levels left.
You didn't know any spells.

Dungeon Overview and Level Annotations

Branches:
Dungeon (7/15)
 Temple: D:4-7

Altars:
Elyvilon
Kikubaaqudgha
Nemelex Xobeh
Okawaru
Ru
Sif Muna
Xom
Yredelemnul
The Shining One

Shops:
D:4 (

Annotations:
D:6 Grinder


Innate Abilities, Weirdness & Mutations

You are tiny and cannot use many weapons and most armour.
You have supernaturally acute eyesight.
You are a herbivore.
You cover ground extremely quickly.
You need consume almost no food.


Message History

The killer bee is severely wounded.
You feel sick. The killer bee stings you.
* * * LOW HITPOINT WARNING * * *
You are more poisoned.
The killer bee poisons you!
It was a potion of flight.
You feel very buoyant.
You fly up into the air.
You feel sick. The killer bee misses you. The killer bee stings you.
* * * LOW HITPOINT WARNING * * *
You are more poisoned.
The killer bee poisons you!
It was a potion of might.
You feel very mighty all of a sudden.
* * * LOW HITPOINT WARNING * * *
You feel sick. The killer bee completely misses you.
The killer bee barely misses you.
It was a potion of brilliance.
You feel clever all of a sudden.
You die...

.## ...### ##
#....###.##
#?.$......
.........##
#.......#
#..y@..#
#..†...#
#......#
#.###### #
#...#
##.####y####
.#.....<....#
.[......)..)#
.!..(......[#


You could see a killer bee.

Vanquished Creatures
  Menkaure (D:5)
  Edmund (D:4)
  An orc warrior (D:7)
  A phantom (D:5)
  An ogre (D:5)
  A water moccasin skeleton (D:4)
  3 killer bees (D:7)
  3 scorpions
  An orc priest (D:7)
  A jelly (D:5)
  2 orc wizards
  3 worker ants
  5 adders
  3 gnolls (D:5)
  4 worms
  An adder skeleton (D:4)
  An adder zombie (D:5)
  A giant gecko (D:3)
  2 orcs
  5 bats
  2 bat zombies (D:2)
  5 goblins
  3 hobgoblins (D:1)
  4 jackals (D:3)
  A quokka (D:4)
  3 giant cockroaches
  4 giant newts
  2 kobolds (D:1)
  A quokka skeleton (D:3)
  10 rats
  3 rat zombies (D:2)
79 creatures vanquished.

Notes
Turn   | Place    | Note
--------------------------------------------------------------
     0 | D:1      | dohliylev the Spriggan Assassin began the quest for the Orb.
     0 | D:1      | Reached XP level 1. HP: 10/10 MP: 2/2
    40 | D:1      | Reached skill level 6 in Stealth
   224 | D:1      | Reached XP level 2. HP: 14/14 MP: 3/3
   772 | D:2      | Reached skill level 7 in Stealth
   772 | D:2      | Reached XP level 3. HP: 18/18 MP: 4/4
   823 | D:2      | Found a sparkling altar of Nemelex Xobeh.
   825 | D:2      | Found a shimmering altar of Xom.
   827 | D:2      | Found a deep blue altar of Sif Muna.
   919 | D:2      | Found an ancient bone altar of Kikubaaqudgha.
  1277 | D:3      | Reached skill level 8 in Stealth
  1277 | D:3      | Reached XP level 4. HP: 23/23 MP: 5/5
  1410 | D:3      | Found a basalt altar of Yredelemnul.
  1453 | D:3      | Found an iron altar of Okawaru.
  1849 | D:3      | Found a white marble altar of Elyvilon.
  1971 | D:4      | Noticed Edmund
  2016 | D:4      | Killed Edmund
  2016 | D:4      | Reached skill level 9 in Stealth
  2016 | D:4      | Reached XP level 5. HP: 20/26 MP: 6/6
  2294 | D:4      | Reached skill level 10 in Stealth
  2310 | D:4      | Found a glowing golden altar of the Shining One.
  2325 | D:4      | Reached XP level 6. HP: 30/30 MP: 7/7
  2636 | D:4      | Found a sacrificial altar of Ru.
  2720 | D:4      | Found Etud's Weapon Boutique.
  2836 | D:5      | Entered Level 5 of the Dungeon
  2855 | D:5      | Reached skill level 11 in Stealth
  3017 | D:5      | Reached XP level 7. HP: 34/34 MP: 8/8
  3043 | D:5      | Noticed Menkaure
  3053 | D:5      | Killed Menkaure
  3053 | D:5      | Reached skill level 12 in Stealth
  3933 | D:6      | Noticed Grinder
  3982 | D:7      | Reached XP level 8. HP: 26/39 MP: 9/9
  4002 | D:7      | Reached skill level 13 in Stealth
  4027 | D:7      | HP: 1/39 [poisoned by a killer bee]
  4028 | D:7      | Succumbed to a killer bee's poison

Action                   |  1- 3 |  4- 6 |  7- 9 || total
-------------------------+-------+-------+-------++-------
Melee: Dagger            |    54 |    86 |    93 ||   233
 Fire: Blowgun           |    13 |    40 |     8 ||    61
  Use: Scroll            |       |     1 |     1 ||     2
       Potion            |       |       |     3 ||     3
 Stab: Sleeping          |    20 |    20 |     7 ||    47
